cohdb
Replays
Latest Replays
All Replays
Popular Replays
Top Player Replays
Match Explorer
How It Works
Community
CoH3 Stats
Reddit
Sign in to upload your games and track your stats! →
Sign in with Steam
Match 46074423
Unlisted
Match 46074423
Overview
Messages
Build Orders
End
Engineer Squad
Construct Barracks
Construct Weapon Support Center
M1919 Machine Gun Team
Bazooka Squad
M1919 Machine Gun Team
Mechanized Support Center
Bazooka Squad
M3 Armored Personnel Carrier
M3 Armored Personnel Carrier
Selects Heavy Weapons
Selects Assault Carriers
Selects Exchangeable Parts
Improved M9 Bazooka Rockets
Forward Retreat Point
.30 cal Machine Gun
Designate Forward Repair Station
Construct Tank Depot
Selects M2HB .50cal Heavy Machine Gun
Selects Gallant Stand
M4A1 Sherman Medium Tank
M4A1 Sherman Medium Tank
Selects Black Dragon Artillery Barrage
M4A1 76mm Conversion
Black Dragon Artillery Barrage
Bazooka Squad
Salvage Crew
M4A1(76) Sherman Medium Tank
Black Dragon Artillery Barrage
M18 Hellcat Tank Destroyer
Guh
I'M THE COOK
Herr Heinler
Sponge_bobby
[~AJ~]Oberst
∞ | Mèo Múp
Nuclear_cucumber
渴了就嘬阿罗娜
0
0
Comments
sign in to comment!
No comments posted yet!